 Dungeon Crawl Stone Soup version 0.31.0-32-g396128a36d (webtiles) character file.

Game seed: 4034892002591745880

1915 KittyFluff the Ruffian (level 8, -5/79 HPs)
             Began as a Troll Shapeshifter on Apr 11, 2024.
             Was a Follower of Trog.
             Slain by a manticore (24 damage)
             ... on level 6 of the Dungeon.
             The game lasted 00:19:56 (4158 turns).

KittyFluff the Ruffian (Troll Shapeshifter)         Turns: 4158, Time: 00:19:57

Health: -5/79      AC:  4    Str: 25    XL:     8   Next: 95%
Magic:  7/7        EV: 10    Int:  6    God:    Trog [*.....]
Gold:   388        SH:  0    Dex:  9    Spells: 7/7 levels left

rFire   . .          .
                       - Unarmed
rCold   . . .        (no shield)
rNeg    . . .        e - +0 robe
rPois   .            (helmet currently unavailable)
rElec   .            (cloak currently unavailable)
rCorr   .            (gloves unavailable)
SInv    .            (boots unavailable)
Will    .....        (no amulet)
Stlth   +            (no ring)
HPRegen 1.13/turn    (no ring)
MPRegen 0.10/turn

%: no passive effects
@: beast-form
A: beast (slay +3), large, unfitting armour, claws 3, regeneration 1, shaggy fur
1, tough skin 1
a: Begin Untransformation, Renounce Religion, Berserk


You were on level 6 of the Dungeon.
You worshipped Trog.
Trog was aware of your devotion.
You were a hulking beast.
You visited 1 branch of the dungeon, and saw 7 of its levels.

You collected 388 gold pieces.

Inventory:

Hand Weapons
 a - a +0 sling
 x - a +0 halberd
 A - a +0 orcbow
 B - a +0 flail
 D - a +0 shortbow
Missiles
 g - 52 stones (quivered)
 v - 5 javelins
 C - 7 boomerangs
Armour
 e - a +0 robe (worn)
 j - the +0 hat of Vampiric Thralls {rN+ Str+2 Int-2 Dex+4}
   (You found it on level 2 of the Dungeon)

   Str+2:     It affects your strength (+2).
   Int-2:     It affects your intelligence (-2).
   Dex+4:     It affects your dexterity (+4).
   rN+:       It protects you from negative energy.
Talismans
 c - a beast talisman
 d - a flux talisman
Wands
 n - a wand of roots (7)
Scrolls
 h - 4 scrolls of teleportation {unknown}
 k - a scroll of enchant weapon {unknown}
 l - 5 scrolls of immolation
 m - a scroll of noise {unknown}
 o - 3 scrolls of fear {unknown}
 q - 2 scrolls of blinking {unknown}
 s - 3 scrolls of poison {unknown}
 t - 3 scrolls of vulnerability {unknown}
 u - 2 scrolls of revelation {unknown}
 w - a scroll of butterflies
 y - a scroll of enchant armour
 E - 2 scrolls of identify
Potions
 b - a potion of lignification
 f - 2 potions of enlightenment
 i - 2 potions of attraction
 p - a potion of might {unknown}
 r - 2 potions of heal wounds
 z - 2 potions of curing


   Skills:
 + Level 4.7 Fighting
 + Level 0.8 Throwing
 + Level 5.0 Dodging
 + Level 6.5 Unarmed Combat
 * Level 6.1 Shapeshifting


You had 7 spell levels left.
You didn't know any spells.
Your spell library contained the following spells:

 Spells                   Type           Power      Damage    Failure   Level
 Summon Small Mammal      Summ           0%         N/A       45%         1
 Scorch                   Fire           0%         2d5       58%         2
 Call Canine Familiar     Summ           0%         N/A       83%         3
 Dazzling Flash           Conj/Hex       0%         N/A       83%         3
 Volatile Blastmotes      Fire/Tloc      0%         2d10      83%         3
 Flame Wave               Conj/Fire      0%         2d4       99%         4
 Summon Blazeheart Golem  Fire/Summ      0%         N/A       99%         4
 Starburst                Conj/Fire      0%         6d3       100%        6
 Summon Cactus Giant      Summ           0%         N/A       100%        6
 Maxwell's Capacitive Co  Air            0%         ∞         100%        8


Dungeon Overview and Level Annotations

Branches:
Dungeon (7/15)
 Temple: D:4-7

Altars:
Okawaru
Trog
Vehumet

Annotations:
D:7 1 transporter


Innate Abilities, Weirdness & Mutations

You are a hulking beast.
Your limbs bulge with bestial killing power. (Slay +3)
You are too large for most types of armour.
You have claws for hands.
Your natural rate of healing is unusually fast.
You are covered in fur. (AC +1)
You have tough skin. (AC +1)


Message History

You mangle the ice beast!!
The ice beast is almost dead.
The ice beast hits you but does no damage.
You scratch the ice beast but do no damage.
The ice beast is almost dead.
The ice beast hits you. The ice beast freezes you!
You scratch the ice beast but do no damage.
The ice beast is almost dead.
The ice beast barely misses you.
You barely miss the ice beast.
The ice beast is almost dead.
The ice beast hits you. The ice beast freezes you!
You scratch the ice beast.
You kill the ice beast!
Trog accepts your kill.
Your Dodging skill increases to level 5!
You start resting.
HP restored.
The manticore bites you!!
The manticore claws you but does no damage.
The manticore claws you!
You scratch the manticore.
The manticore is lightly wounded.
The manticore bites you!
The manticore claws you but does no damage.
The manticore claws you.
You closely miss the manticore.
The manticore is lightly wounded.
The manticore completely misses you. The manticore barely misses you.
The manticore claws you.
You scratch the manticore.
The manticore is lightly wounded.
You claw the manticore!
The manticore is moderately wounded.
The manticore bites you. The manticore claws you. x2
* * * LOW HITPOINT WARNING * * *
You scratch the manticore but do no damage.
The manticore is moderately wounded.
The manticore bites you!!
You die...

#....##.........#.....#...#.
#.88.########'###.....#...#.
###.88.##....###..#..)..#...#.
#.'....#.####..#..#.....#...#.
#.####'#.####..#..#.....#...+.
#..##.)#.##..###..#.....#...#.
##.##†.#.##..###..'.....#...#.
#.#.####.###..#..#.....#...##
#.#.# #.###h.#..#.....#.....
#.#.# #.#?H###..#.....#.....
#.#.####.#$?#....#.....#.....
#.##....#####....#.....#.....
#..###### ##...#.....#.....
#.....# #...#.....#.....
#.....##. ##...#.....#.[...
#........ #....#.....'.....
#........ #....#.....#.....


You could see a manticore.

Vanquished Creatures
  A sky beast (D:7)
  4 ice beasts
  2 centaurs
  2 phantoms
  Blork the orc (D:4)
  2 bullfrogs (D:7)
  A scorpion (D:5)
  4 howler monkeys (D:7)
  A bombardier beetle (D:5)
  5 jellies
  An orc priest (D:6)
  7 iguanas
  A sleepcap (D:4)
  Ijyb (D:3)
  4 orc wizards
  6 gnolls
  4 adders
  2 shadow imps (D:7)
  2 white imps (D:6)
  2 ribbon worms
  3 dart slugs
  15 orcs
  3 endoplasms
  2 giant cockroaches (D:2)
  3 goblins
  3 hobgoblins
  4 quokkas
  5 ball pythons
  3 bats
  5 frilled lizards
  2 kobolds (D:3)
  6 rats
107 creatures vanquished.

Notes
Turn   | Place    | Note
-------+----------+-------------------------------------------
     0 | D:1      | KittyFluff the Troll Shapeshifter began the quest for the
                  | Orb.
     0 | D:1      | Reached XP level 1. HP: 18/18 MP: 0/0
    60 | D:1      | Reached skill level 1 in Fighting
    81 | D:1      | Reached XP level 2. HP: 26/27 MP: 1/1
   717 | D:2      | Identified the +0 hat of Vampiric Thralls {rN+ Str+2 Int-2
                  | Dex+4}
   818 | D:2      | Reached XP level 3. HP: 30/33 MP: 2/2
  1087 | D:3      | Noticed Ijyb
  1095 | D:3      | Killed Ijyb
  1216 | D:3      | Found an iron altar of Okawaru.
  1282 | D:3      | Reached XP level 4. HP: 42/42 MP: 3/3
  1449 | D:3      | Found a radiant altar of Vehumet.
  1741 | D:4      | Noticed Blork the orc
  1762 | D:4      | Killed Blork the orc
  1763 | D:4      | Reached XP level 5. HP: 49/49 MP: 4/4
  2236 | D:5      | Entered Level 5 of the Dungeon
  2289 | D:5      | Reached XP level 6. HP: 59/59 MP: 5/5
  2909 | D:5      | Reached XP level 7. HP: 47/67 MP: 6/6
  3016 | D:5      | Found a bloodstained altar of Trog.
  3029 | D:5      | Became a worshipper of Trog the Wrathful
  3226 | D:6      | Reached skill level 5 in Unarmed Combat
  3511 | D:6      | Reached skill level 5 in Shapeshifting
  3713 | D:7      | Reached XP level 8. HP: 76/78 MP: 7/7
  3750 | D:7      | Reached * piety under Trog
  3948 | D:7      | Noticed a kobold demonologist
  3957 | D:7      | Found a transporter.
  4077 | D:6      | Noticed a manticore
  4107 | D:6      | Reached skill level 5 in Dodging
  4158 | D:6      | Slain by a manticore

Illustrated notes

Levels and vault maps discovered:
D:1:      dpeg_arrival_short_road, layout_basic, serial_bayou_pond_b
D:2:      layout_rooms
D:3:      layout_loops_cross, mainiacjoe_overflow_catwalk, lemuel_tele_altar,
          nrook_mini_vaults, uniq_ijyb
D:4:      layout_loops_cross, uniq_blork_the_orc
D:5:      layout_basic, lemuel_crystal_altar
D:6:      minmay_chambers_of_fours, layout_gridville, minmay_temple_entry_fiery
D:7:      gammafunk_wand_slinger, layout_rooms, lemuel_coloured_pillars_altar,
          overflow_temple_1_default, minmay_circle_x

Skill      XL: |  1  2  3  4  5  6  7  8 |
---------------+-------------------------+-----
Fighting       | 1 2 3 4 |  4.7
Dodging        | 2 3 4 5 |  5.0
Unarmed Combat | 4 5 6 |  6.5
Shapeshifting  | 4 5 6 |  6.1
Throwing       | |  0.8

Action                     |  1- 3 |  4- 6 |  7- 9 || total
---------------------------+-------+-------+-------++-------
  Melee: Unarmed           |    77 |    78 |   131 ||   286
         Punch             |       |     1 |     3 ||     4
  Throw: Stone             |       |     5 |       ||     5
    Use: Scroll            |       |       |     7 ||     7
 Armour: Animal skin       |    18 |       |       ||    18
         Robe              |    23 |    40 |    79 ||   142
  Dodge: Dodged            |    26 |    39 |    40 ||   105
